 Dungeon Crawl Stone Soup version 0.31.0-32-g396128a36d (webtiles) character file.

Game seed: 12914719712833003088

3843 monsoonserge the Grappler (level 10, -1/114 HPs)
             Began as a Gnoll Shapeshifter on Mar 9, 2024.
             Was an Initiate of Gozag.
             Slain by a gargoyle
             ... wielding a +2 dire flail of holy wrath
              (6 damage)
             ... in a bailey.
             The game lasted 00:25:51 (7004 turns).

monsoonserge the Grappler (Gnoll Shapeshifter)      Turns: 7004, Time: 00:25:52

Health: -1/114     AC: 25    Str: 23    XL:     10   Next: 18%
Magic:  17/17      EV:  2    Int: 10    God:    Gozag
Gold:   762        SH:  0    Dex: 12    Spells: 16/19 levels left

rFire   . .          .
                       - Unarmed
rCold   . . .        (no shield)
rNeg    . . .        i - melded +3 ring mail {rN+}
rPois   +            (helmet currently unavailable)
rElec   .            G - melded +1 cloak
rCorr   .            h - melded +0 pair of gloves
SInv    .            (boots currently unavailable)
Will    .....        (no amulet)
Stlth   +++          p - ring of wizardry
HPRegen 0.39/turn    s - +6 ring of strength
MPRegen 0.15/turn

%: wizardry (x1)
@: tree-form
A: stationary, stasis, torment immunity, boosted hp, (fangs 1), strong nose,
distributed training
a: Renounce Religion, Potion Petition, Call Merchant, Bribe Branch


You were in a bailey.
You worshipped Gozag.
Gozag was pleased with you.
You were a tree.
You visited 2 branches of the dungeon, and saw 9 of its levels.
You also visited: Bailey.

You collected 911 gold pieces.
You paid 149 gold pieces to Gozag.

Inventory:

Missiles
 a - 8 boomerangs
 e - 22 poisoned darts (quivered)
 q - 3 throwing nets
 C - 2 javelins
Armour
 h - a +0 pair of gloves (melded)
 i - a +3 ring mail of positive energy (melded)
 z - a +1 ring mail of poison resistance
 G - a +1 cloak (melded)
 H - the +1 pair of gloves "Tuloveyl" {-Cast +Blink rC- rCorr}
   (You found it on level 7 of the Dungeon)

   rC-:       It makes you vulnerable to cold.
   +Blink:    It lets you blink.
   -Cast:     It prevents spellcasting.
   rCorr:     It protects you from acid and corrosion.
Jewellery
 p - a ring of wizardry (left branch)
 s - a +6 ring of strength (right branch)
 u - a ring of ice
 x - an amulet of magic regeneration
Talismans
 c - a beast talisman (active)
 d - a flux talisman
Wands
 t - a wand of flame (51)
 y - a wand of acid (9)
 B - a wand of iceblast (8)
 E - a wand of charming (12)
 F - a wand of polymorph (8)
Scrolls
 f - 9 scrolls of identify {unknown}
 k - a scroll of teleportation {unknown}
 l - a scroll of enchant weapon {unknown}
 m - 3 scrolls of poison {unknown}
 A - a scroll of fear {unknown}
Potions
 b - 2 potions of lignification
 g - 2 potions of mutation {unknown}
 j - 3 potions of curing {unknown}
 n - a potion of might {unknown}
 o - a potion of heal wounds {unknown}
 r - a potion of cancellation {unknown}
 v - 3 potions of haste {unknown}
 w - a potion of degeneration {unknown}
 D - a potion of attraction {unknown}


   Skills:
 + Level 5.9 Fighting
 + Level 5.2 Short Blades
 + Level 5.2 Long Blades
 + Level 5.2 Axes
 + Level 5.2 Maces & Flails
 + Level 5.2 Polearms
 + Level 5.2 Staves
 + Level 5.2 Ranged Weapons
 + Level 5.2 Throwing
 + Level 5.2 Armour
 + Level 7.0 Dodging
 + Level 5.2 Stealth
 + Level 5.2 Shields
 + Level 8.5 Unarmed Combat
 + Level 5.2 Spellcasting
 + Level 4.3 Conjurations
 + Level 4.3 Hexes
 + Level 4.3 Summonings
 + Level 4.3 Necromancy
 + Level 4.3 Translocations
 + Level 4.3 Fire Magic
 + Level 4.3 Ice Magic
 + Level 4.3 Air Magic
 + Level 4.3 Earth Magic
 + Level 4.3 Alchemy
 + Level 5.7 Invocations
 + Level 5.2 Evocations
 + Level 8.2 Shapeshifting


You had 16 spell levels left.
You knew the following spells:

 Your Spells              Type           Power      Damage    Failure   Level
a - Fugue of the Fallen   Necr           11%        N/A       4%          3

Your spell library contained the following spells:

 Spells                   Type           Power      Damage    Failure   Level
 Sandblast                Erth           22%        2d7       1%          1
 Call Canine Familiar     Summ           11%        N/A       4%          3
 Ozocubu's Armour         Ice            11%        N/A       4%          3
 Passwall                 Erth           11%        N/A       4%          3
 Sigil of Binding         Hex            11%        N/A       4%          3
 Stone Arrow              Conj/Erth      22%        3d8       4%          3
 Brom's Barrelling Bould  Conj/Erth      11%        2d3       16%         4
 Dimensional Bullseye     Hex/Tloc       5%         N/A       16%         4
 Manifold Assault         Tloc           11%        N/A       16%         4


Dungeon Overview and Level Annotations

Branches:
Dungeon (8/15)             Temple (1/1) D:5          Bailey (1/1)
   Lair: D:8-11

Altars:
Ashenzari
Cheibriados
Dithmenos
Elyvilon
Fedhas
Gozag
Hepliaklqana
Kikubaaqudgha
Makhleb
Nemelex Xobeh
Okawaru
Qazlal
Ru
Sif Muna
Trog
Uskayaw
Vehumet
Wu Jian
Xom
Yredelemnul
Zin
The Shining One

Shops:
D:4 (

Annotations:
D:5 1 runed translucent door, Grinder


Innate Abilities, Weirdness & Mutations

You are a tree.
Your roots penetrate the ground, keeping you stationary.
You cannot be teleported.
You are immune to unholy pain and torment.
Your maximum health is greatly increased.
Your equipment is partially melded.
((You have very sharp teeth.))
Your uncanny sense of smell can sniff out nearby items.
Your experience applies equally to all skills.


Message History

The gargoyle closely misses you.
You barely miss the gargoyle.
The gargoyle is moderately damaged.
The gargoyle closely misses you.
You hit the gargoyle but do no damage.
The gargoyle is moderately damaged.
The gargoyle hits you with a +2 dire flail of holy wrath!
You hit the gargoyle but do no damage.
The gargoyle is moderately damaged.
The gargoyle closely misses you.
You hit the gargoyle but do no damage.
The gargoyle is moderately damaged.
You hit the gargoyle.
The gargoyle is moderately damaged.
The gargoyle hurls a stone arrow at you.
The stone arrow hits you!!
You hit the gargoyle. You punch the gargoyle!
The gargoyle is severely damaged.
The gargoyle hurls a stone arrow at you.
The stone arrow misses you.
You hit the gargoyle but do no damage.
The gargoyle is heavily damaged.
The gargoyle hits you with a +2 dire flail of holy wrath!
* * * LOW HITPOINT WARNING * * *
Your transformation has ended.
Your +1 cloak unmelds from your body.
Your +0 pair of gloves unmelds from your body.
You turn into a tree.
Your +1 cloak melds into your body.
Your +0 pair of gloves melds into your body.
Your +3 ring mail of positive energy melds into your body.
You feel less protected from negative energy.
Your roots penetrate the ground.
The gargoyle hurls a stone arrow at you.
The stone arrow hits you!!
* * * LOW HITPOINT WARNING * * *
You hit the gargoyle but do no damage.
The gargoyle is heavily damaged.
The gargoyle hits you with a +2 dire flail of holy wrath.
You die...
Your body crumbles into a pile of gold.

...##.....♣........###
...#...............+
...#......♣..♣.....#
...#'####..........##
...#....#...♣..♣....#
...#....#....♣......#∆
#'##'#..#.........♣.#
∆∆
#....#..#......♣....#
#....####...#...♣9♣..#
#....'....####.......#
#....'...## ##......#
#....#...# ########
#....#......
####+#......# 8....##
######


You could see a gargoyle.

Vanquished Creatures
  A two-headed ogre (D:6)
  A troll (D:6)
  Sigmund (D:3)
  A water moccasin (D:5)
  A sky beast (D:7)
  2 black bears
  3 ogres
  A centaur (D:7)
  A kobold brigand (D:6)
  2 phantoms (D:6)
  A bullfrog (D:7)
  A scorpion (D:5)
  7 wights
  7 vampire bats (Bailey)
  3 wolf zombies (Bailey)
  3 howler monkeys
  An orc priest (D:3)
  4 jellies
  2 hounds (D:5)
  2 gnoll boudas (D:4)
  A sleepcap (D:5)
  Crazy Yiuf (D:3)
  An orc wizard (D:5)
  Ijyb (D:5)
  8 iguanas
  Terence (D:3)
  13 gnolls
  7 adders
  A shadow imp (D:6)
  A white imp (D:6)
  4 ufetubi
  2 ribbon worms (D:2)
  A dart slug (D:2)
  21 orcs
  3 ball pythons
  8 endoplasms
  2 giant cockroaches
  8 goblins
  5 hobgoblins
  3 quokkas
  5 bats
  6 frilled lizards
  A jackal zombie (D:5)
  10 kobolds
  A kobold skeleton (D:5)
  16 orc zombies (Bailey)
  7 rats
183 creatures vanquished.

Notes
Turn   | Place    | Note
-------+----------+-------------------------------------------
     0 | D:1      | monsoonserge the Gnoll Shapeshifter began the quest for the
                  | Orb.
     0 | D:1      | Reached XP level 1. HP: 17/17 MP: 1/1
   116 | D:1      | Reached XP level 2. HP: 20/23 MP: 2/2
   322 | D:1      | Reached XP level 3. HP: 23/28 MP: 3/3
   674 | D:2      | Reached skill level 1 in Invocations
   817 | D:2      | Reached skill level 1 in Short Blades
   817 | D:2      | Reached skill level 1 in Long Blades
   817 | D:2      | Reached skill level 1 in Axes
   817 | D:2      | Reached skill level 1 in Maces & Flails
   817 | D:2      | Reached skill level 1 in Polearms
   817 | D:2      | Reached skill level 1 in Staves
   817 | D:2      | Reached skill level 1 in Ranged Weapons
   817 | D:2      | Reached skill level 1 in Throwing
   817 | D:2      | Reached skill level 1 in Armour
   817 | D:2      | Reached skill level 1 in Stealth
   817 | D:2      | Reached skill level 1 in Shields
   817 | D:2      | Reached skill level 1 in Spellcasting
   817 | D:2      | Reached skill level 1 in Evocations
   943 | D:2      | Reached XP level 4. HP: 29/34 MP: 5/5
  1396 | D:2      | Reached skill level 1 in Conjurations
  1396 | D:2      | Reached skill level 1 in Hexes
  1396 | D:2      | Reached skill level 1 in Summonings
  1396 | D:2      | Reached skill level 1 in Necromancy
  1396 | D:2      | Reached skill level 1 in Translocations
  1396 | D:2      | Reached skill level 1 in Fire Magic
  1396 | D:2      | Reached skill level 1 in Ice Magic
  1396 | D:2      | Reached skill level 1 in Air Magic
  1396 | D:2      | Reached skill level 1 in Earth Magic
  1396 | D:2      | Reached skill level 1 in Alchemy
  1571 | D:3      | Found a faded altar of an unknown god.
  1831 | D:3      | Noticed Terence
  1836 | D:3      | Killed Terence
  1837 | D:3      | Reached XP level 5. HP: 34/40 MP: 7/7
  2240 | D:3      | Reached XP level 6. HP: 47/47 MP: 8/8
  2392 | D:3      | Reached skill level 5 in Dodging
  2408 | D:3      | Found a runed translucent door.
  2409 | D:3      | Noticed Crazy Yiuf
  2528 | D:3      | Noticed Sigmund
  2575 | D:4      | Noticed a black bear
  2584 | D:4      | Killed a black bear
  2631 | D:4      | You fall into a shaft and drop 3 floors!
  2635 | D:7      | Found a broken altar of Ashenzari.
  2706 | D:6      | Reached XP level 7. HP: 52/52 MP: 10/10
  2713 | D:6      | Found a blossoming altar of Fedhas.
  2880 | D:5      | Entered Level 5 of the Dungeon
  3166 | D:4      | Found Senlyum's Weapon Shoppe.
  3261 | D:4      | Reached XP level 8. HP: 55/60 MP: 12/12
  3282 | D:4      | Found a glowing silver altar of Zin.
  3282 | D:4      | Found an opulent altar of Gozag.
  3291 | D:4      | Found a hazy altar of Hepliaklqana.
  3293 | D:4      | Found an ancient bone altar of Kikubaaqudgha.
  3362 | D:4      | Became a worshipper of Gozag Ym Sagoz the Greedy
  4197 | D:5      | Found a runed translucent door.
  4210 | D:5      | Found a basalt altar of Yredelemnul.
  4301 | D:5      | Noticed Ijyb
  4316 | D:5      | Killed Ijyb
  4340 | D:5      | Noticed Grinder
  4532 | D:5      | Found a staircase to the Ecumenical Temple.
  4546 | Temple   | Entered the Ecumenical Temple
  4874 | D:6      | Noticed a troll
  5123 | D:6      | Reached XP level 9. HP: 66/66 MP: 14/14
  5216 | D:6      | Killed a troll
  5217 | D:6      | Reached skill level 5 in Fighting
  5364 | D:6      | Found a shimmering altar of Xom.
  5514 | D:6      | Noticed a two-headed ogre
  5524 | D:6      | Killed a two-headed ogre
  5525 | D:6      | Reached skill level 5 in Invocations
  5949 | D:3      | Killed Sigmund
  6088 | D:3      | Killed Crazy Yiuf
  6317 | D:7      | Identified the +1 pair of gloves "Tuloveyl" {-Cast +Blink
                  | rC- rCorr}
  6353 | D:7      | Found a shimmering blue altar of Sif Muna.
  6664 | D:8      | Learned a level 3 spell: Fugue of the Fallen
  6672 | D:8      | Reached skill level 5 in Short Blades
  6672 | D:8      | Reached skill level 5 in Long Blades
  6672 | D:8      | Reached skill level 5 in Axes
  6672 | D:8      | Reached skill level 5 in Maces & Flails
  6672 | D:8      | Reached skill level 5 in Polearms
  6672 | D:8      | Reached skill level 5 in Staves
  6672 | D:8      | Reached skill level 5 in Ranged Weapons
  6672 | D:8      | Reached skill level 5 in Throwing
  6672 | D:8      | Reached skill level 5 in Armour
  6672 | D:8      | Reached skill level 5 in Stealth
  6672 | D:8      | Reached skill level 5 in Shields
  6672 | D:8      | Reached skill level 5 in Spellcasting
  6672 | D:8      | Reached skill level 5 in Evocations
  6672 | D:8      | Reached XP level 10. HP: 74/76 MP: 17/17
  6709 | D:8      | Found a flagged portal.
  6721 | Bailey   | Entered a bailey
  6972 | Bailey   | Noticed a gargoyle
  7003 | Bailey   | HP: 5/114 [gargoyle/stone arrow (22)]
  7004 | Bailey   | Slain by a gargoyle

Illustrated notes

Levels and vault maps discovered:
D:1:      lemuel_arrival_cross, layout_loops_ring, st_stairs_1
D:2:      layout_loops_ring
D:3:      layout_basic, ebering_ecumenical_altar_hall, uniq_sigmund,
          uniq_terence, uniq_crazy_yiuf_cottage
D:4:      layout_loops_ring, nicolae_overflow_macrodata_refinement,
          serial_shops, shop
D:5:      layout_basic, dk_yredelemnul_ordeal, minmay_temple_entry_glassed_door,
          uniq_grinder, uniq_ijyb
D:6:      layout_loops_ring, lemuel_crystal_altar,
          mainiacjoe_overflow_cross_hatched, lexackson_kobold_supper
D:7:      hangedman_cross_stitches, layout_loops_ring, marbit_many_paths,
          lemuel_crystal_altar, kb_lookout_dungeons_type
D:8:      layout_basic, enter_bailey_2, nrook_mini_backslash
Temple:   nicolae_temple_bog_church
Bailey:   bailey_polearm_vampire_castle_hellmonk, bailey

Skill      XL: |  1  2  3  4  5  6  7  8  9 10 |
---------------+-------------------------------+-----
Invocations    | 1 2 3 4 5 |  5.7
Short Blades   | 1 2 3 5 |  5.2
Long Blades    | 1 2 3 5 |  5.2
Axes           | 1 2 3 5 |  5.2
Maces & Flails | 1 2 3 5 |  5.2
Polearms       | 1 2 3 5 |  5.2
Staves         | 1 2 3 5 |  5.2
Ranged Weapons | 1 2 3 5 |  5.2
Throwing       | 1 2 3 5 |  5.2
Armour         | 1 2 3 5 |  5.2
Stealth        | 1 2 3 5 |  5.2
Shields        | 1 2 3 5 |  5.2
Spellcasting   | 1 2 3 5 |  5.2
Evocations     | 1 2 3 5 |  5.2
Conjurations   | 1 2 3 4 |  4.3
Hexes          | 1 2 3 4 |  4.3
Summonings     | 1 2 3 4 |  4.3
Necromancy     | 1 2 3 4 |  4.3
Translocations | 1 2 3 4 |  4.3
Fire Magic     | 1 2 3 4 |  4.3
Ice Magic      | 1 2 3 4 |  4.3
Air Magic      | 1 2 3 4 |  4.3
Earth Magic    | 1 2 3 4 |  4.3
Alchemy        | 1 2 3 4 |  4.3
Fighting       | 3 4 5 |  5.9
Dodging        | 5 6 7 |  7.0
Unarmed Combat | 7 8 |  8.5
Shapeshifting  | 7 8 |  8.2

Action                     |  1- 3 |  4- 6 |  7- 9 | 10-12 || total
---------------------------+-------+-------+-------+-------++-------
  Melee: Unarmed           |    73 |   103 |   240 |    95 ||   511
         Bite              |     1 |     6 |    34 |     8 ||    49
         Punch             |     2 |       |    10 |     7 ||    19
  Throw: Boomerang         |       |     3 |    18 |       ||    21
         Dart              |       |     3 |    27 |       ||    30
    Use: Potion            |       |     3 |       |     1 ||     4
   Stab: Sleeping          |       |     1 |     5 |       ||     6
 Armour: Animal skin       |    28 |    12 |       |       ||    40
         Skin              |       |    10 |       |     2 ||    12
         Ring mail         |       |    14 |   153 |    49 ||   216
  Dodge: Dodged            |    33 |    92 |   133 |    48 ||   306
   Form: Flux              |       |     3 |     1 |       ||     4
         Beast             |       |     3 |     1 |       ||     4
                           |       |     1 |       |       ||     1
